 Dungeon Crawl Stone Soup version 0.26-a0-651-gb41185065b (webtiles) character file.

Game seed: 16481291951701606449

156 Azzok the Insei (level 5, 0/37 HPs)
             Began as a Demonspawn Transmuter on Oct 18, 2020.
             Killed by divine providence
             ... invoked by an orc priest
              (8 damage)
             ... on level 3 of the Dungeon.
             The game lasted 00:04:04 (3618 turns).

Azzok the Insei (Demonspawn Transmuter)             Turns: 3618, Time: 00:04:04

Health: 0/37       AC:  8    Str: 10    XL:     5   Next: 14%
Magic:  0/17       EV:  4    Int: 16    God:
Gold:   124        SH:  0    Dex: 13    Spells: 4/8 levels left

rFire    . . .     SeeInvis .   i - +1 whip (flame)
rCold    . . .     Faith    .   (no shield)
rNeg     . . .     Spirit   +   d - +0 chain mail
rPois    .         Reflect  .   (helmet restricted)
rElec    .         Harm     .   (no cloak)
rCorr    .         Rampage  .   (no gloves)
MR       .....                  (no boots)
Stlth    ..........             (no amulet)
HPRegen  0.12/turn              b - ring of magical power
MPRegen  0.15/turn              (no ring)

@: no status effects
A: antennae 1, powered by pain 1, magic shield
a: no special abilities


You were on level 3 of the Dungeon.
You visited 1 branch of the dungeon, and saw 3 of its levels.

You collected 124 gold pieces.

Inventory:

Hand Weapons
 i - a +1 whip of flaming (weapon)
Armour
 a - a +0 robe
 d - a +0 chain mail (worn)
Jewellery
 b - a ring of magical power (left hand)
Scrolls
 e - a scroll of fog {unknown}
 f - 2 scrolls of amnesia {unknown}
 j - 2 scrolls of identify {unknown}
 k - a scroll of noise {unknown}
 m - a scroll of remove curse {unknown}
Potions
 c - a potion of might {unknown}
 g - a potion of cancellation {unknown}
 h - a potion of brilliance {unknown}
 l - a potion of curing {unknown}


   Skills:
 - Level 1.0 Fighting
 - Level 1.7 Dodging
 + Level 4.1 Unarmed Combat
 - Level 2.0 Spellcasting
 + Level 3.5 Transmutations
 - Level 1.0 Poison Magic


You had 4 spell levels left.
You knew the following spells:

 Your Spells              Type           Power        Failure   Level
a - Beastly Appendage     Tmut           ##....       99%         1
b - Spider Form           Tmut/Pois      #.........   100%        3

Your spell library contained the following spells:

 Spells                   Type           Power        Failure   Level
 Wereblood                Tmut           ##......     100%        2
 Ice Form                 Ice/Tmut       #.......     100%        4
 Blade Hands              Tmut           ##........   100%        5


Dungeon Overview and Level Annotations

Branches:
Dungeon (3/15)

Altars:
Ashenzari


Innate Abilities, Weirdness & Mutations

You have a pair of small antennae on your head.
You sometimes gain a little power by taking damage.
When hurt, damage is shared between your health and your magic reserves.


Message History

You hear a shout!
The orc priest hits you with a cursed -1 war axe!
The orc wizard casts a spell at you. The puff of flame hits you.
You hit the orc priest but do no damage.
The orc priest calls down the wrath of Beogh upon you.
Beogh smites you!
You barely miss the orc priest.
The orc priest hits you but does no damage.
An orc comes into view. It is wielding a +0 mace.
You hit the orc priest but do no damage.
The orc priest hits you with a cursed -1 war axe.
The orc wizard hits you but does no damage.
The orc priest calls down the wrath of Beogh upon you.
Beogh smites you!
* * * LOW MAGIC WARNING * * *;
* * * LOW HITPOINT WARNING * * *
The orc priest mumbles some strange prayers to Beogh against you.
Beogh smites you!
* * * LOW MAGIC WARNING * * *
You die...

·'·········'········)··
▒·········▒▒▒▒···▒▒▒·▒
▒·······▒ ▒···▒▒▒·▒
▒·····▒ ▒▒······▒ ▒·o·▒
▒·▒▒▒▒▒▒ ▒o▒ ▒·▒ ▒o▒ ▒·▒
▒▒▒▒·▒▒▒▒▒▒▒▒▒·▒ ▒▒▒
▒·▒▒@··········▒
▒·▒▒▒▒▒▒▒·▒···▒▒▒▒▒▒▒··▒
▒·▒▒·▒<▒·······▒▒······▒
▒·▒▒·▒·▒··▒▒▒▒▒▒▒▒▒▒▒·▒▒
▒·▒▒······▒·▒·▒·▒·▒ ▒·▒
▒·▒▒·▒····▒·▒·▒·▒·▒▒▒·▒
▒·▒▒·▒···········)))··▒
▒·▒▒·▒▒▒·▒▒·▒·▒·▒·▒▒▒▒▒
▒········▒▒·▒·▒·▒·▒


You could see an orc priest, an orc wizard and an orc.

Vanquished Creatures
  4 adders (D:2)
  2 oozes
  4 worms (D:2)
  2 leopard geckos
  7 orcs
  16 bats
  5 giant cockroaches
  7 hobgoblins
  10 jackals
  2 quokkas (D:3)
  3 frilled lizards (D:2)
  8 goblins
  10 kobolds
  7 rats
87 creatures vanquished.

Notes
Turn   | Place    | Note
-------+----------+-------------------------------------------
     0 | D:1      | Azzok the Demonspawn Transmuter began the quest for the
                  | Orb.
     0 | D:1      | Reached XP level 1. HP: 15/15 MP: 3/3
   381 | D:1      | Reached skill level 3 in Unarmed Combat
   400 | D:1      | Gained mutation: You sometimes gain a little power by
                  | taking damage. [demonic ancestry]
   400 | D:1      | Reached XP level 2. HP: 19/21 MP: 5/5
  1113 | D:2      | Reached XP level 3. HP: 22/26 MP: 6/6
  1436 | D:2      | Found a broken altar of Ashenzari.
  1947 | D:2      | Gained mutation: When hurt, damage is shared between your
                  | health and your magic reserves. [demonic ancestry]
  1947 | D:2      | Reached XP level 4. HP: 20/32 MP: 7/7
  2095 | D:2      | Learned a level 3 spell: Spider Form
  2773 | D:2      | Reached skill level 4 in Unarmed Combat
  3317 | D:3      | Gained mutation: You have a pair of small antennae on your
                  | head. [demonic ancestry]
  3317 | D:3      | Reached XP level 5. HP: 34/37 MP: 8/8
  3489 | D:3      | Reached skill level 1 in Poison Magic
  3618 | D:3      | Killed from afar by an orc priest

Illustrated notes

Levels and vault maps discovered:
D:1:      psy_arrival_fountain, layout_rooms, kennysheep_minor_cross
D:2:      minmay_diamond_boxcup, layout_loops_ring, old_standard_altar
D:3:      layout_loops_corners, minmay_misc_feat_hallway, cheibrodos_gnoll_hut

Skill      XL: |  1  2  3  4  5 |
---------------+----------------+-----
Transmutations | 2 3 |  3.5
Unarmed Combat | 3 4 |  4.1
Poison Magic   | 1 |  1.0
Fighting       | |  1.0
Dodging        | |  1.7
Spellcasting   | |  2.0

Action                   |  1- 3 |  4- 6 || total
-------------------------+-------+-------++-------
Melee: Unarmed           |   219 |       ||   219
       Kick              |     3 |       ||     3
       Whip              |     8 |   218 ||   226
       Punch             |     1 |     2 ||     3
 Cast: Beastly Appendage |     3 |       ||     3
Armor: Robe              |    13 |       ||    13
       Chain mail        |   163 |   154 ||   317
Dodge: Dodged            |    75 |    38 ||   113

Table legend: (Time is in decaauts)
 A = Elapsed time spent in this place.
 B = Non-inter-level travel time spent in this place.
 C = Inter-level travel time spent in this place.
 D = Time resting spent in this place.
 E = Time spent auto-exploring this place.
 F = Levels seen in this place.
 G = Mean time per level.
                   A        B        C        D        E       F      G
               +--------+--------+--------+--------+--------+-----+--------+
         Total |   3627 |   3574 |     53 |    682 |   2089 |   3 | 1209.0 |
       Dungeon |   3627 |   3574 |     53 |    682 |   2089 |   3 | 1209.0 |
               +--------+--------+--------+--------+--------+-----+--------+

Top non-repeatable levels by time:
     D:2: 1921 daAuts
     D:1: 1242 daAuts
     D:3: 463 daAuts
